 Dungeon Crawl Stone Soup version 0.31.0-32-g396128a36d (webtiles) character file.

Game seed: 6475686266794844147

12749 NotreDorf the Grappler (level 11, -7/109 HPs)
             Began as a Troll Fighter on Mar 18, 2024.
             Was a Priest of Wu Jian.
             Mangled by Urug
             ... wielding a +4 scimitar
              (17 damage)
             ... on level 12 of the Dungeon.
             The game lasted 00:31:37 (8031 turns).

NotreDorf the Grappler (Troll Fighter)              Turns: 8031, Time: 00:31:38

Health: -7/109     AC: 13    Str: 28    XL:     11   Next: 66%
Magic:  10/10      EV: 10    Int:  6    God:    Wu Jian [***...]
Gold:   1025       SH: 14    Dex:  9    Spells: 10/10 levels left

rFire   . .          .
                       - Unarmed
rCold   . . .        b - +0 kite shield
rNeg    . . .        a - +0 robe
rPois   .            (helmet restricted)
rElec   .            D - +0 cloak
rCorr   .            (gloves unavailable)
SInv    .            (boots unavailable)
Will    .....        x - amulet of reflection
Stlth   +            j - +4 ring of protection
HPRegen 1.18/turn    I - +4 ring of protection
MPRegen 0.12/turn

%: reflection
@: no status effects
A: large, unfitting armour, claws 3, regeneration 1, shaggy fur 1, tough skin 1
a: Renounce Religion, Wall Jump, Serpent's Lash


You were on level 12 of the Dungeon.
You worshipped Wu Jian.
Wu Jian was most pleased with you.
You visited 3 branches of the dungeon, and saw 14 of its levels.

You collected 1025 gold pieces.

Inventory:

Missiles
 i - a throwing net
 t - 37 poisoned darts (quivered)
Armour
 a - a +0 robe (worn)
 b - a +0 kite shield (worn)
 c - an orb of light
 D - a +0 cloak (worn)
 H - +0 acid dragon scales
Jewellery
 d - a ring of protection from fire
 j - a +4 ring of protection (left claw)
 x - an amulet of reflection (around neck)
 A - a ring of flight
 I - a +4 ring of protection (right claw)
Talismans
 y - a beast talisman
Wands
 e - a wand of roots (5)
 F - a wand of digging (5)
 G - a wand of charming (17)
 K - a wand of quicksilver (3)
 N - a wand of mindburst (11)
Scrolls
 f - 2 scrolls of revelation
 g - a scroll of noise {unknown}
 h - 2 scrolls of enchant weapon
 m - 4 scrolls of teleportation
 n - 3 scrolls of poison
 p - 3 scrolls of fear
 r - a scroll of enchant armour {unknown}
 u - a scroll of acquirement {unknown}
 C - a scroll of brand weapon {unknown}
 E - a scroll of blinking
 M - a scroll of torment {unknown}
Potions
 k - 2 potions of haste
 l - 3 potions of curing
 o - a potion of ambrosia
 q - a potion of brilliance {unknown}
 s - a potion of heal wounds
 v - 6 potions of mutation
 w - 2 potions of enlightenment
 B - 2 potions of resistance
 J - 4 potions of invisibility


   Skills:
 + Level 7.1 Fighting
 + Level 7.2 Dodging
 + Level 7.7 Shields
 * Level 11.6 Unarmed Combat
 + Level 5.5 Shapeshifting


You had 10 spell levels left.
You didn't know any spells.
Your spell library contained the following spells:

 Spells                   Type           Power      Damage    Failure   Level
 Apportation              Tloc           0%         N/A       65%         1
 Necrotise                Necr           0%         1d4       65%         1
 Sting                    Conj/Alch      0%         1d3       65%         1
 Summon Small Mammal      Summ           0%         N/A       65%         1
 Mercury Vapours          Alch/Air       0%         N/A       78%         2
 Static Discharge         Conj/Air       0%         3-3/arc   78%         2
 Frozen Ramparts          Ice            0%         1d1       95%         3
 Fugue of the Fallen      Necr           0%         N/A       95%         3
 Gell's Gravitas          Tloc           0%         N/A       95%         3
 Ozocubu's Armour         Ice            0%         N/A       95%         3
 Teleport Other           Tloc           0%         N/A       95%         3
 Airstrike                Air            0%         2d(0-16)  100%        4
 Leda's Liquefaction      Alch/Erth      0%         N/A       100%        4
 Manifold Assault         Tloc           0%         N/A       100%        4
 Olgreb's Toxic Radiance  Alch           0%         N/A       100%        4
 Petrify                  Alch/Erth      0%         N/A       100%        4
 Summon Lightning Spire   Summ/Air       0%         N/A       100%        4
 Metabolic Englaciation   Hex/Ice        0%         N/A       100%        5
 Malign Gateway           Summ/Tloc      0%         N/A       100%        7


Dungeon Overview and Level Annotations

Branches:
Dungeon (12/15)            Temple (1/1) D:6            Lair (1/5) D:9
    Orc (0/2) D:11

Altars:
Ashenzari
Cheibriados
Dithmenos
Elyvilon
Fedhas
Gozag
Hepliaklqana
Kikubaaqudgha
Makhleb
Nemelex Xobeh
Okawaru
Qazlal
Ru
Sif Muna
Trog
Uskayaw
Vehumet
Wu Jian
Xom
Yredelemnul
Zin
The Shining One

Shops:
D:2 [:

Annotations:
D:12 Urug


Innate Abilities, Weirdness & Mutations

You are too large for most types of armour.
You have claws for hands.
Your natural rate of healing is unusually fast.
You are covered in fur. (AC +1)
You have tough skin. (AC +1)


Message History

The howler monkey hits you. Sonja hits you but does no damage.
You block Sonja's attack. Sonja hits you but does no damage.
You scratch Sonja.
Sonja is heavily wounded.
You block the howler monkey's attack.
You barely miss Sonja.
Sonja is heavily wounded.
You block Sonja's attack. x2
Sonja hits you with a +2 dagger of distortion.
Space warps horribly around you!
The howler monkey hits you but does no damage.
Urug throws a javelin.
The javelin pierces through you!
You closely miss Sonja.
Sonja is heavily wounded.
Sonja hits you with a +2 dagger of distortion.
Space warps around you. You block Sonja's attack.
Sonja hits you but does no damage. Space warps around you.
The howler monkey closely misses you.
You mangle Sonja!!
You kill Sonja!
The Council accepts your kill. The howler monkey closely misses you.
Urug throws a javelin.
The javelin pierces through you!
You spin and attack the howler monkey.
You claw the howler monkey!
You kill the howler monkey!
The Council accepts your kill.
You lunge at Urug.
You barely miss Urug. Urug hits you with a +4 scimitar!!
You barely miss Urug. You closely miss Urug. Urug hits you with a +4 scimitar!!
* * * LOW HITPOINT WARNING * * *
You scratch Urug but do no damage. Urug hits you with a +4 scimitar!
* * * LOW HITPOINT WARNING * * *
You barely miss Urug. You block Urug's attack.
You barely miss Urug. You block Urug's attack.
You closely miss Urug. Urug hits you with a +4 scimitar!
* * * LOW HITPOINT WARNING * * *
You scratch Urug but do no damage. You block Urug's attack.
You scratch Urug but do no damage. Urug hits you with a +4 scimitar!
You die...
Urug screams, "Revenge at last!"

#.........
#...................
#.<.................
#...................
#...................
#......)............
#...................
#.........).........
#...........@o......
#<.........†........
#..........†........
#...................
#...................
#...................
#...................
#..##############...
...


You could see Urug.

Vanquished Creatures
  A hydra (D:10)
  2 two-headed ogres
  2 boulder beetles (D:11)
  Sonja (D:12)
  Lodul (D:10)
  A cyclops (D:11)
  A gargoyle (D:11)
  4 trolls
  7 yaks (D:11)
  A human (D:11)
  A warg (D:11)
  A steam dragon (D:8)
  2 wraiths (D:11)
  An acid dragon (D:8)
  A water moccasin (Lair:1)
  3 orc warriors
  3 ice beasts
  8 ogres
  4 centaurs
  4 kobold brigands
  3 bullfrogs
  3 gnoll sergeants
  7 scorpions
  17 wights
  7 killer bees
  2 electric eels (D:4)
  8 howler monkeys
  4 hounds
  A bombardier beetle (D:6)
  9 orc priests
  2 gnoll boudas
  3 jellies
  A sleepcap (D:8)
  4 iguanas
  5 orc wizards
  Robin (D:3)
  24 gnolls
  8 adders
  A shadow imp (D:6)
  2 white imps
  2 ufetubi (D:6)
  A ribbon worm (D:3)
  3 dart slugs
  21 orcs
  7 ball pythons
  9 endoplasms
  2 giant cockroaches
  11 hobgoblins
  A jackal (D:3)
  4 quokkas
  4 bats
  3 frilled lizards
  19 goblins
  15 kobolds
  7 rats
270 creatures vanquished.

Notes
Turn   | Place    | Note
-------+----------+-------------------------------------------
     0 | D:1      | NotreDorf the Troll Fighter began the quest for the Orb.
     0 | D:1      | Reached XP level 1. HP: 22/22 MP: 0/0
   173 | D:1      | Reached XP level 2. HP: 29/29 MP: 1/1
   861 | D:1      | Reached XP level 3. HP: 36/36 MP: 2/2
  1091 | D:2      | Found Ham Legg's Antique Armour Boutique.
  1093 | D:2      | Found Jimnubaus's Book Boutique.
  1191 | D:2      | Reached skill level 3 in Unarmed Combat
  1558 | D:3      | Reached XP level 4. HP: 44/44 MP: 3/3
  1655 | D:3      | Found a radiant altar of Vehumet.
  1743 | D:3      | Reached XP level 5. HP: 53/53 MP: 4/4
  1920 | D:3      | Noticed Robin
  1925 | D:3      | Reached skill level 4 in Unarmed Combat
  1936 | D:3      | Killed Robin
  2200 | D:4      | Found a transporter.
  2215 | D:4      | Found a transporter.
  2236 | D:4      | Reached XP level 6. HP: 14/61 MP: 5/5
  2371 | D:4      | You fall into a shaft and drop 2 floors!
  2388 | D:5      | Entered Level 5 of the Dungeon
  2550 | D:5      | Reached skill level 5 in Unarmed Combat
  2626 | D:5      | Noticed an ice beast
  2638 | D:5      | Killed an ice beast
  2639 | D:5      | Reached XP level 7. HP: 60/68 MP: 6/6
  2949 | D:4      | Reached skill level 6 in Unarmed Combat
  3479 | D:4      | Reached XP level 8. HP: 78/78 MP: 7/7
  3900 | D:6      | Found a staircase to the Ecumenical Temple.
  3911 | Temple   | Entered the Ecumenical Temple
  3920 | Temple   | Became a worshipper of the Wu Jian Council
  4357 | D:6      | Reached skill level 5 in Shields
  4357 | D:6      | Reached skill level 7 in Unarmed Combat
  4371 | D:6      | Got the Tractate on the Singularity
  4837 | D:7      | Reached skill level 1 in Shapeshifting
  4896 | D:7      | Reached XP level 9. HP: 84/87 MP: 8/8
  4901 | D:7      | Reached skill level 5 in Dodging
  4977 | D:7      | Reached skill level 5 in Fighting
  4994 | D:7      | Reached * piety under Wu Jian
  5164 | D:7      | Reached skill level 8 in Unarmed Combat
  5765 | D:9      | Reached skill level 9 in Unarmed Combat
  5781 | D:9      | Noticed a troll
  5789 | D:9      | Reached ** piety under Wu Jian
  5795 | D:9      | Killed a troll
  5796 | D:9      | Reached XP level 10. HP: 68/98 MP: 9/9
  5879 | D:9      | Found a staircase to the Lair.
  6141 | Lair:1   | Entered Level 1 of the Lair of Beasts
  6188 | D:10     | Entered Level 10 of the Dungeon
  6361 | D:10     | Noticed a six-headed hydra
  6374 | D:10     | Killed a 14-headed hydra
  6490 | D:10     | Reached skill level 10 in Unarmed Combat
  6590 | D:10     | Noticed a two-headed ogre
  6598 | D:10     | Killed a two-headed ogre
  6839 | D:10     | Noticed Lodul
  6918 | D:10     | Reached *** piety under Wu Jian
  6995 | D:10     | Killed Lodul
  6996 | D:10     | Reached XP level 11. HP: 37/107 MP: 10/10
  7184 | D:11     | Noticed a boulder beetle
  7201 | D:11     | Killed a boulder beetle
  7204 | D:11     | Identified the +5 shortbow of the Bespelling Gods {drain,
                  | Int+2}
  7292 | D:11     | Found a staircase to the Orcish Mines.
  7351 | D:11     | Noticed a two-headed ogre
  7360 | D:11     | Killed a two-headed ogre
  7361 | D:11     | Reached skill level 11 in Unarmed Combat
  7361 | D:11     | Reached skill level 5 in Shapeshifting
  7447 | D:11     | Noticed a boulder beetle
  7454 | D:11     | Killed a boulder beetle
  8013 | D:12     | Noticed Sonja
  8014 | D:12     | Noticed Urug
  8021 | D:12     | Killed Sonja
  8031 | D:12     | Mangled by Urug

Illustrated notes

Levels and vault maps discovered:
D:1:      dpeg_arrival_ternary, layout_loops_corners, serial_rivers,
          chequers_serial_rivers_micro_d, chequers_serial_rivers_large_b,
          chequers_serial_rivers_micro_c, chequers_serial_rivers_small_a,
          roderic_roman_lattice
D:2:      layout_rooms, serial_shops, nicolae_shop_tiny_statue_garden, shop
D:3:      layout_basic, nicolae_vehumet_altar_sigil, minmay_between, uniq_robin
D:4:      gammafunk_steamed_eel, layout_layer_cave, chequers_garden
D:5:      layout_rooms
D:6:      layout_basic, minmay_temple_entry_junction_2,
          minmay_misc_feat_columns, minmay_fractal_squares_diagonal_5
D:7:      layout_basic
D:8:      layout_rooms, minmay_quadrilaterals
D:9:      layout_roguey, lair_entry_dummy, minmay_misc_feat_four_crosses
D:10:     layout_long_grid, uniq_lodul
D:11:     layout_grid_maze, erik_orc_4
D:12:     layout_long_grid, uniq_urug, uniq_sonja
Temple:   nicolae_temple_bog_church
Lair:1:   layout_chaotic_city

Skill      XL: |  1  2  3  4  5  6  7  8  9 10 11 |
---------------+----------------------------------+-----
Shields        | 3 4 5 6 7 |  7.7
Unarmed Combat | 3 4 5 6 7 9 10 11 | 11.6
Fighting       | 3 4 5 6 7 |  7.1
Dodging        | 3 4 5 6 7 |  7.2
Shapeshifting  | 1 3 4 5 |  5.5

Action                     |  1- 3 |  4- 6 |  7- 9 | 10-12 || total
---------------------------+-------+-------+-------+-------++-------
  Melee: Unarmed           |   107 |   123 |   284 |   294 ||   808
  Throw: Dart              |       |       |       |     4 ||     4
Ability: Lunge             |       |       |    21 |    35 ||    56
         Whirlwind         |       |       |       |     5 ||     5
  Evoke: Wand              |       |     6 |       |       ||     6
    Use: Potion            |       |     1 |     1 |     3 ||     5
         Scroll            |       |       |       |    18 ||    18
   Stab: Sleeping          |     1 |       |       |       ||     1
 Armour: Robe              |    36 |    79 |   112 |   156 ||   383
  Dodge: Dodged            |    30 |    62 |    64 |    75 ||   231
  Block: Kite shield       |    32 |    14 |   160 |   186 ||   392
         Reflection        |       |       |     6 |     6 ||    12
